 Dungeon Crawl Stone Soup version 0.16-a0-2818-g1ef6e07 (webtiles) character file.

30 Kemay the Ducker (level 3, 0/23 HPs)
             Began as an Octopode Transmuter on Nov 28, 2014.
             Slain by a giant gecko (3 damage)
             ... on level 2 of the Dungeon.
             The game lasted 00:03:38 (1215 turns).

Kemay the Ducker (Octopode Transmuter)              Turns: 1215, Time: 00:03:38

Health: 0/23       AC:  1    Str:  9    XL:     3   Next: 18%
Magic:  5/6        EV: 12    Int: 15    God:
Gold:   32         SH:  3    Dex: 13    Spells: 1 memorised, 5 levels left

rFire  . . .     SeeInvis .       - Unarmed
rCold  . . .     Clarity  .     f - +0 buckler
rNeg   . . .     SustAb   .     (helmet restricted)
rPois  .         Gourm    .     (no amulet)
rElec  .         Spirit   .     (no ring)
rCorr  .         Warding  .     (no ring)
rMut   .         Stasis   .     (no ring)
MR     .....                    (no ring)
Stlth  ++........               (no ring)
                                (no ring)
                                (no ring)
                                (no ring)

@: appendage, very slightly contaminated, not resistant to hostile enchantments,
unstealthy
A: almost no armour, amphibious, 8 rings, constrict 8, tentacle spike 3,
camouflage 1, gelatinous body 1
a: End Transformation


You were on level 2 of the Dungeon.
You were not hungry.
One of your tentacles had a temporary spike.
You visited 1 branch of the dungeon, and saw 2 of its levels.

You collected 32 gold pieces.

Inventory:

Missiles
 b - 12 arrows
Armour
 f - a +0 buckler (worn)
Scrolls
 h - a scroll of blinking
 i - a scroll of fog {unknown}
Potions
 e - a potion of lignification
 g - a potion of restore abilities {unknown}
 l - a potion of haste {unknown}
Books
 d - a book of Changes

   Spells                             Type                      Level
   *Beastly Appendage                 Transmutation                1
   Sticks to Snakes                   Transmutation                2
   Spider Form                        Transmutation/Poison         3
   Ice Form                           Ice/Transmutation            4
   Blade Hands                        Transmutation                5
Comestibles
 a - a bread ration
 c - 2 chunks of flesh
 j - a beef jerky
 k - a fruit
 m - a meat ration


   Skills:
 - Level 1.0 Fighting
 + Level 3.5 Dodging
 - Level 3.0 Unarmed Combat
 - Level 2.0 Spellcasting
 - Level 2.0 Transmutations


You had 5 spell levels left.
You knew the following spells:

 Your Spells              Type           Power        Failure   Level  Hunger
a - Beastly Appendage     Trmt           #.....       12%         1    #......


Dungeon Overview and Level Annotations

Branches:
Dungeon (2/15)

Altars:
The Shining One


Innate Abilities, Weirdness & Mutations

You cannot wear most types of armour.
You are amphibious.
You can wear up to eight rings at the same time.
You can use your tentacles to constrict many enemies at once.
Your skin changes colour to match your surroundings (Stealth).
Your rubbery body absorbs attacks (AC +1).
One of your tentacles bears a large vicious spike.


Message History

The goblin hits you with a dagger.
You closely miss the goblin. Your grab misses the goblin.
The goblin hits you with a dagger. You block the giant gecko's attack.
You tentacle-slap the goblin. Your grab misses the goblin.
The goblin is moderately wounded.
The giant gecko bites you. The goblin barely misses you.
You tentacle-slap the giant gecko. Your grab misses the giant gecko.
Your tentacle spike misses the giant gecko.
The giant gecko is heavily wounded.
You block the giant gecko's attack. The goblin hits you with a dagger.
* * * LOW HITPOINT WARNING * * *
You barely miss the giant gecko. Your grab misses the giant gecko.
Your tentacle spike misses the giant gecko.
The giant gecko is heavily wounded.
The giant gecko barely misses you. The goblin hits you with a dagger.
* * * LOW HITPOINT WARNING * * *
You barely miss the giant gecko. Your grab misses the giant gecko.
The giant gecko is heavily wounded.
The giant gecko bites you.
You die...

........#.##....##
####.##...##.....##
# #.###..........#
# #.# #####......#
# #########....#.#
.......<.##.# #
..######.# .# ..#
...####.##g#......
#.......@l......#
..#####..###.....#
...... ..# ###.....
# #.......
#......## #.#...##
#.##.## ..#


You could see a giant gecko and a goblin.

Vanquished Creatures
  A giant gecko (D:1)
  2 oozes (D:1)
  5 goblins
  4 hobgoblins
  3 kobolds (D:1)
  6 bats
  2 giant newts (D:1)
  3 rats (D:1)
  A fungus (D:1)
  A plant (D:1)
28 creatures vanquished.

Notes
Turn   | Place    | Note
--------------------------------------------------------------
     0 | D:1      | Kemay, the Octopode Transmuter, began the quest for the Orb.
     0 | D:1      | Reached XP level 1. HP: 13/13 MP: 3/3
   244 | D:1      | Reached XP level 2. HP: 16/18 MP: 2/4
   713 | D:1      | Found a glowing golden altar of the Shining One.
   874 | D:1      | Reached XP level 3. HP: 23/23 MP: 6/6
  1215 | D:2      | Slain by a giant gecko

Action                   || total
-------------------------++-------
Melee: Unarmed           ||   102
 Cast: Beastly Appendage ||     6
  Use: Scroll            ||     3
 Stab: Sleeping          ||     5
  Eat: Chunk             ||     1
